 Dungeon Crawl Stone Soup version 0.30-a0-949-g53dc5368d7 (webtiles) character file.

Game seed: 3846247692654094157

63 EonDragon20 the Changer (level 4, -4/33 HPs)
             Began as a Merfolk Transmuter on Mar 28, 2023.
             Slain by an orc priest
             ... wielding a +0 whip
              (5 damage)
             ... on level 3 of the Dungeon.
             The game lasted 00:12:07 (1804 turns).

EonDragon20 the Changer (Merfolk Transmuter)        Turns: 1804, Time: 00:12:10

Health: -4/33      AC:  2    Str: 10    XL:     4   Next: 9%
Magic:  2/7        EV: 20    Int: 14    God:
Gold:   139        SH:  0    Dex: 19    Spells: 1/7 levels left

rFire   . . .      SeeInvis .      - Unarmed
rCold   . . .      Faith    .    (shield currently unavailable)
rNeg    . . .      Spirit   .    a - melded +0 robe
rPois   .          Reflect  .    (helmet currently unavailable)
rElec   .          Rampage  .    (cloak currently unavailable)
rCorr   .                        m - melded +0 pair of gloves
Will    .....                    (boots currently unavailable)
Stlth   ++                       (no amulet)
HPRegen 0.25/turn                c - ring of poison resistance
MPRegen 0.10/turn                (no ring)

@: spider-form (expiring), very slightly contaminated
A: venomous fangs, tiny, (nimble swimmer 2), (mertail)
a: End Transformation


You were on level 3 of the Dungeon.
You were a venomous arachnid creature.
You visited 1 branch of the dungeon, and saw 4 of its levels.

You collected 139 gold pieces.

Inventory:

Missiles
 e - 2 throwing nets
Armour
 a - a +0 robe (melded)
 m - a +0 pair of gloves (melded)
Jewellery
 c - a ring of poison resistance (left front pincers)
 g - a ring of poison resistance
Scrolls
 d - a scroll of poison
 f - 2 scrolls of identify
 k - a scroll of teleportation
 l - a scroll of vulnerability {unknown}
Potions
 b - 2 potions of lignification
 h - 3 potions of curing
 i - a potion of invisibility
 j - a potion of degeneration {unknown}


   Skills:
 + Level 1.9 Fighting
 - Level 2.6 Dodging
 - Level 3.7 Unarmed Combat
 + Level 2.3 Spellcasting
 * Level 3.9 Transmutations
 * Level 1.2 Poison Magic


You had one spell level left.
You knew the following spells:

 Your Spells              Type           Power      Damage    Failure   Level
a - Beastly Appendage     Tmut           24%        N/A       14%         1
b - Wereblood             Tmut           12%        N/A       19%         2
c - Spider Form           Tmut/Pois      8%         N/A       45%         3

Your spell library contained the following spells:

 Spells                   Type           Power      Damage    Failure   Level
 Necrotise                Necr           4%         1d4       43%         1
 Vampiric Draining        Necr           1%         2d6       77%         3
 Ice Form                 Ice/Tmut       7%         N/A       87%         4
 Agony                    Necr           1%         N/A       100%        5


Dungeon Overview and Level Annotations

Branches:
Dungeon (4/15)
 Temple: D:4-7

Altars:
Nemelex Xobeh

Shops:
D:1 [

Annotations:
D:2 1 runed translucent door, Crazy Yiuf
D:3 Pargi


Innate Abilities, Weirdness & Mutations

You are a venomous arachnid creature.
You have venomous fangs.
You are tiny and dextrous.
Your spellcasting is less reliable in this form.
Your armour is entirely melded.
You are incapable of wielding weapons or throwing items.
((You are very nimble when in or above water. (Stealth+, EV+, Speed+++)))
((Your lower body shifts to a powerful aquatic tail in water.))


Message History

Magic restored.
You start resting.
HP restored.
Casting: Spider Form (quite dangerous; 24% risk of failure)
Confirm with . or Enter, or press ? or * to list all spells.
The spell is quite dangerous to miscast (24% risk of failure)!
Continue anyway?
You miscast Spider Form.
You are very lightly contaminated with residual magic.
You feel odd. You resist.
Casting: Spider Form (quite dangerous; 24% risk of failure)
Confirm with . or Enter, or press ? or * to list all spells.
The spell is quite dangerous to miscast (24% risk of failure)!
Continue anyway?
You turn into a venomous arachnid creature.
Your +0 pair of gloves melds into your body.
Your +0 robe melds into your body.
You climb upwards.
Level annotation: Pargi The orc priest drinks a potion.
The orc priest seems to speed up.
The orc misses you. The orc hits you with a +0 whip.
There is a stone staircase leading down here.
The orc attacks as you move away! The orc barely misses you.
You barely miss the orc priest.
Your transformation is almost over.
The orc priest closely misses you. The orc priest completely misses you.
The orc closely misses you.
You hit the orc priest.
The orc priest is poisoned.
The orc priest is lightly wounded.
The orc priest barely misses you. The orc completely misses you.
You hit the orc priest.
The orc priest looks even sicker.
The orc priest is moderately wounded.
The orc priest invokes the aid of Beogh against you.
Beogh smites you!
You bite the orc priest!
The orc priest looks as sick as possible!
The orc priest is severely wounded.
The orc priest invokes the aid of Beogh against you.
Pain shoots through your body!
* * * LOW HITPOINT WARNING * * *
The orc closely misses you. The orc priest hits you with a +0 whip.
You die...

###############
#.............## ###
#.##########.#.## #... #.#
#####.###.##....
#######.#####....## ##......
..........oso.###.###.#.....
#######.####### ##.#.##.....
#.# ##o####..o. ####.##
#.......o. #.....#
#..####### #.....###### #..#
..# #........... #..# #.#
#..†..###### ...# # #.#
#.......... ...#


You could see an orc priest (fast, extremely poisoned) and an orc.

Vanquished Creatures
  2 adders (D:3)
  3 dart slugs
  An orc (D:4)
  A ball python (D:2)
  4 endoplasms
  2 giant cockroaches
  6 hobgoblins
  3 bats (D:1)
  2 frilled lizards (D:1)
  A goblin (D:1)
  6 kobolds
  4 rats
35 creatures vanquished.

Notes
Turn   | Place    | Note
-------+----------+-------------------------------------------
     0 | D:1      | EonDragon20 the Merfolk Transmuter began the quest for the
                  | Orb.
     0 | D:1      | Reached XP level 1. HP: 15/15 MP: 3/3
   184 | D:1      | Reached XP level 2. HP: 10/21 MP: 3/5
   237 | D:1      | Learned a level 2 spell: Wereblood
   442 | D:1      | Found Nuduh's Armour Shop.
   739 | D:2      | Reached XP level 3. HP: 26/26 MP: 4/6
   760 | D:2      | Learned a level 3 spell: Spider Form
  1015 | D:2      | Found a runed translucent door.
  1016 | D:2      | Noticed Crazy Yiuf
  1112 | D:3      | Noticed Pargi
  1360 | D:3      | Reached skill level 1 in Poison Magic
  1385 | D:3      | Found a sparkling altar of Nemelex Xobeh.
  1633 | D:3      | Reached XP level 4. HP: 29/33 MP: 5/7
  1804 | D:3      | HP: 1/33 [orc priest/nerve-wracking pain (14)]
  1804 | D:3      | Slain by an orc priest

Illustrated notes

Levels and vault maps discovered:
D:1:      nzn_arrival_settlement, layout_rooms, serial_shops,
          nicolae_square_shop, serial_forest, infiniplex_forest_straight_3,
          infiniplex_forest_clump_medium, infiniplex_forest_lined_room_2,
          infiniplex_forest_lined_room_3, infiniplex_forest_clump_small,
          infiniplex_forest_end_2
D:2:      layout_rooms, uniq_crazy_yiuf_cottage
D:3:      layout_loops_ring, nemelex_diamond_rough_becter,
          kennysheep_generic_room_15, uniq_pargi
D:4:      layout_basic, okawaru_gym_becter, mainiacjoe_overflow_boulevard,
          chequers_serial_rivers_large_b, chequers_serial_rivers_micro_d

Skill      XL: |  1  2  3 |
---------------+----------+-----
Transmutations | 3 |  3.9
Poison Magic   | 1 |  1.2
Fighting       | |  1.9
Dodging        | |  2.6
Unarmed Combat | |  3.7
Spellcasting   | |  2.3

Action                     |  1- 3 |  4- 6 || total
---------------------------+-------+-------++-------
  Melee: Unarmed           |   103 |    11 ||   114
         Headbutt          |    16 |     2 ||    18
         Punch             |     4 |       ||     4
   Cast: Beastly Appendage |    22 |     1 ||    23
         Spider Form       |       |     1 ||     1
    Use: Scroll            |     8 |       ||     8
 Armour: Robe              |    20 |     1 ||    21
  Dodge: Dodged            |    78 |    17 ||    95

Table legend: (Time is in decaauts)
 A = Elapsed time spent in this place.
 B = Non-inter-level travel time spent in this place.
 C = Inter-level travel time spent in this place.
 D = Time resting spent in this place.
 E = Time spent auto-exploring this place.
 F = Levels seen in this place.
 G = Mean time per level.
                   A        B        C        D        E       F      G
               +--------+--------+--------+--------+--------+-----+--------+
         Total |   1797 |   1733 |     64 |    148 |     40 |   4 |  449.2 |
       Dungeon |   1797 |   1733 |     64 |    148 |     40 |   4 |  449.2 |
               +--------+--------+--------+--------+--------+-----+--------+

Top non-repeatable levels by time:
     D:1: 695 daAuts
     D:3: 534 daAuts
     D:2: 460 daAuts
     D:4: 107 daAuts
